 Dungeon Crawl Stone Soup version 0.24-a0-446-g87df7205b4 (webtiles) character file.

Game seed: 17828208051629161251

51 nikopol the Firebug (level 3, 0/19 HPs)
             Began as a Deep Elf Fire Elementalist on June 23, 2019.
             Slain by a gnoll
             ... wielding a +0 spear
              (10 damage)
             ... on level 1 of the Dungeon.
             The game lasted 00:03:02 (792 turns).

nikopol the Firebug (Deep Elf Fire Elementalist)     Turns: 792, Time: 00:03:02

Health: 0/19       AC:  2    Str:  5    XL:     3   Next: 58%
Magic:  0/10       EV: 13    Int: 20    God:
Gold:   50         SH:  0    Dex: 15    Spells: 8/9 levels left

rFire    . . .     SeeInvis .   (no weapon)
rCold    . . .     Gourm    .   (no shield)
rNeg     . . .     Faith    .   a - +0 robe
rPois    .         Spirit   .   (no helmet)
rElec    .         Reflect  .   (no cloak)
rCorr    .         Harm     .   (no gloves)
MR       .....                  (no boots)
Stlth    ++........             (no amulet)
HPRegen  0.06/turn              (no ring)
MPRegen  0.12/turn              (no ring)

@: very slightly contaminated
A: no striking features
a: no special abilities


You were on level 1 of the Dungeon.
You were not hungry.

You visited 1 branch of the dungeon, and saw 2 of its levels.

You collected 50 gold pieces.

Inventory:

Armour
 a - a +0 robe (worn)
Scrolls
 d - a scroll of enchant armour {unknown}
 g - a scroll of teleportation {unknown}
 j - a scroll of remove curse {unknown}
Potions
 b - 2 potions of brilliance {unknown}
 e - a potion of agility {unknown}
 h - 2 potions of mutation {unknown}
 i - a potion of curing {unknown}
Comestibles
 c - 3 rations


   Skills:
 + Level 2.7 Dodging
 + Level 3.1 Stealth
 + Level 3.5 Spellcasting
 + Level 1.6 Conjurations
 + Level 4.1 Fire Magic


You had 8 spell levels left.
You knew the following spells:

 Your Spells              Type           Power        Failure   Level  Hunger
a - Flame Tongue          Conj/Fire      ###..        4%          1    None

Your spell library contained the following spells:

 Spells                   Type           Power        Failure   Level  Hunger
 Throw Flame              Conj/Fire      ###...       6%          2    ##.....
 Conjure Flame            Conj/Fire      ###.....     12%         3    ###....
 Inner Flame              Hex/Fire       ##......     17%         3    ###....
 Sticky Flame             Conj/Fire      ###.....     38%         4    ####...
 Fireball                 Conj/Fire      ###.......   75%         5    ######.


Dungeon Overview and Level Annotations

Branches:
Dungeon (2/15)

Altars:


Message History

The gnoll is lightly wounded.
Casting: Flame Tongue (safe; 4% risk of failure)
Confirm with . or Enter, or press ? or * to list all spells.
Aiming: Flame Tongue (safe; 4% risk of failure)
Press: ? - help, Shift-Dir - straight line, f/p - gnoll
Aim: a gnoll, wielding a +0 spear (lightly wounded)
The flame tongue hits the gnoll.
The gnoll is moderately wounded.
The gnoll hits you from afar with a +0 spear.
Casting: Flame Tongue (safe; 4% risk of failure)
Confirm with . or Enter, or press ? or * to list all spells.
Aiming: Flame Tongue (safe; 4% risk of failure)
Press: ? - help, Shift-Dir - straight line, f/p - gnoll
Aim: a gnoll, wielding a +0 spear (moderately wounded)
You miscast Flame Tongue.
You are very lightly contaminated with residual magic.
Nothing appears to happen.
The gnoll hits you from afar with a +0 spear!
Ouch! That really hurt!
You die...

###.#####....##
.##.###.......#
.##.##......>.#
..(.##...#....#
#.............#
..............# ##########
.).(.#.#......# ##........#
.....#.#....>.#####.........#
.......#......g†@...........#
.............#####..........#
.......#....................#
#....#.#....................#
...#.........######.........#
.............#######)†......#
#..................#.###...##
..#................).# #...#
.###................####...#


You could see a gnoll.

Vanquished Creatures
  2 gnolls (D:1)
  A dart slug (D:1)
  A giant cockroach (D:1)
  3 hobgoblins (D:1)
  A jackal (D:1)
  A ball python (D:1)
  5 bats (D:1)
  8 goblins (D:1)
  3 kobolds (D:1)
  2 rats (D:1)
27 creatures vanquished.

Notes
Turn   | Place    | Note
-------+----------+-------------------------------------------
     0 | D:1      | nikopol the Deep Elf Fire Elementalist began the quest for
                  | the Orb.
     0 | D:1      | Reached XP level 1. HP: 10/10 MP: 6/6
   252 | D:1      | Reached XP level 2. HP: 14/15 MP: 6/8
   474 | D:1      | Reached skill level 4 in Fire Magic
   568 | D:1      | Reached XP level 3. HP: 19/19 MP: 7/9
   792 | D:1      | Slain by a gnoll

Levels and vault maps discovered:
D:1:      lemuel_arrival_broad_hall, layout_rooms
D:2:      layout_loops_corners, first_ration, okawaru_trees_2

Skill      XL: |  1  2 |
---------------+-------+-----
Stealth        | 3 |  3.1
Fire Magic     | 4 |  4.1
Dodging        | |  2.7
Spellcasting   | |  3.5
Conjurations   | |  1.6

Action                   || total
-------------------------++-------
 Cast: Flame Tongue      ||    46
Armor: Robe              ||     9
Dodge: Dodged            ||    28

Table legend:
 A = Non-vault XP
 B = Vault XP
 C = Vault XP percentage of total XP
 D = Non-vault monster count
 E = Vault monster count
 F = Vault count percentage of total count
                 A         B        C        D         E       F
            +---------+---------+-------+---------+---------+-------
      Total |      74 |       0 |   0.0 |      27 |       0 |   0.0
            +---------+---------+-------+---------+---------+-------
        D:1 |      74 |       0 |   0.0 |      27 |       0 |   0.0
            +---------+---------+-------+---------+---------+-------
